ITL
BIRMINGHAM BARONS @ RICHMOND FLAIRS
06/24/2026
 
TOP OF THE 1ST
Birmingham Barons batting - Pitching for Richmond Flairs : RHP Jack Walker
Pitching: RHP Jack Walker
Batting: SHB Anastasio Ortíz 0-0: Ball
1-0: Ball
2-0: Ground out 4-3 (Groundball, 13)
Batting: RHB Vicente Elías 0-0: Called Strike
0-1: Ball
1-1: Ground out 1-3 (Groundball, 15S)
Batting: LHB Ashley Pickhills 0-0: Swinging Strike
0-1: Ground out 4-3 (Groundball, 4)
Top of the 1st over - 0 run(s), 0 hit(s), 0 error(s), 0 left on base; Birmingham 0 - Richmond 0
BOTTOM OF THE 1ST
Richmond Flairs batting - Pitching for Birmingham Barons : RHP Jim Baker
Pitching: RHP Jim Baker
Batting: RHB Jared Thompson 0-0: Ball
1-0: DOUBLE (Flyball, 89D)
Batting: RHB R.J. Crosby 0-0: Ground out 6-3 (Groundball, 6)
Jared Thompson to third
Batting: LHB Frank Geddes 0-0: 2-RUN HOME RUN (Flyball, 9LD), Distance : 450 ft
Batting: RHB Elliott Johnston 0-0: Called Strike
0-1: Swinging Strike
0-2: Ball
1-2: Ball
2-2: Foul Ball, location: 2F
2-2: Ball
3-2: Fly out, F8 (Line Drive, 8LM)
Batting: LHB Sean Nicks 0-0: Foul Ball, location: 2F
0-1: Swinging Strike
0-2: Ball
1-2: Ball
2-2: Ball
3-2: Ground out 6-3 (Groundball, 6M)
Bottom of the 1st over - 2 run(s), 2 hit(s), 0 error(s), 0 left on base; Birmingham 0 - Richmond 2
TOP OF THE 2ND
Birmingham Barons batting - Pitching for Richmond Flairs : RHP Jack Walker
Batting: RHB Juan Jiménez 0-0: Ball
1-0: Ball
2-0: Called Strike
2-1: Ball
3-1: Foul Ball, location: 2F
3-2: Strikes out swinging
Batting: RHB Manny Sánchez 0-0: Called Strike
0-1: Ground out 4-3 (Groundball, 4)
Batting: SHB Andrew Curran 0-0: Called Strike
0-1: Ball
1-1: Fly out, F4 (Line Drive, 4)
Top of the 2nd over - 0 run(s), 0 hit(s), 0 error(s), 0 left on base; Birmingham 0 - Richmond 2
BOTTOM OF THE 2ND
Richmond Flairs batting - Pitching for Birmingham Barons : RHP Jim Baker
Batting: RHB Alberto Hernández 0-0: Ball
1-0: Foul Ball, location: 2F
1-1: Foul Ball, location: 2F
1-2: Ball
2-2: Strikes out looking
Batting: LHB Luis Villa 0-0: Ball
1-0: Called Strike
1-1: Swinging Strike
1-2: Fly out, F7 (Flyball, 7LM)
Batting: RHB Ray Yates 0-0: Ball
1-0: Swinging Strike
1-1: Foul Ball, location: 2F
1-2: Foul Ball, location: 2F
1-2: Foul Ball, location: 2F
1-2: SINGLE (Line Drive, 7S)
Batting: SHB Carlos Reyes 0-0: Swinging Strike
0-1: Ball
1-1: Fly out, F8 (Flyball, 8LD)
Bottom of the 2nd over - 0 run(s), 1 hit(s), 0 error(s), 1 left on base; Birmingham 0 - Richmond 2
TOP OF THE 3RD
Birmingham Barons batting - Pitching for Richmond Flairs : RHP Jack Walker
Batting: SHB Terry O'Farrell 0-0: Ball
1-0: Ground out 4-3 (Groundball, 4M)
Batting: LHB Marc May 0-0: Called Strike
0-1: Ground out 4-3 (Groundball, 4)
Batting: LHB Curt Causton 0-0: Fly out, F7 (Popup, 8LS)
Top of the 3rd over - 0 run(s), 0 hit(s), 0 error(s), 0 left on base; Birmingham 0 - Richmond 2
BOTTOM OF THE 3RD
Richmond Flairs batting - Pitching for Birmingham Barons : RHP Jim Baker
Batting: RHB Jared Thompson 0-0: Called Strike
0-1: Ball
1-1: Foul Ball, location: 2F
1-2: Fly out, F4 (Popup, 4)
Batting: RHB R.J. Crosby 0-0: SINGLE (Flyball, 8LS)
Batting: LHB Frank Geddes 0-0: Ball
1-0: 2-RUN HOME RUN (Flyball, 9LD), Distance : 320 ft
Batting: RHB Elliott Johnston 0-0: Foul Ball, location: 2F
0-1: Ball
1-1: Ball
2-1: SOLO HOME RUN (Flyball, 9D), Distance : 349 ft
Batting: LHB Sean Nicks 0-0: Ball
1-0: Ball
2-0: Called Strike
2-1: Fly out, F7 (Flyball, 7M)
Batting: RHB Alberto Hernández 0-0: Ball
1-0: Foul Ball, location: 2F
1-1: Ball
2-1: Foul Ball, location: 2F
2-2: Ball
3-2: Foul Ball, location: 2F
3-2: Foul Ball, location: 2F
3-2: Base on Balls
Batting: LHB Luis Villa 0-0: Called Strike
Alberto Hernández steals 2nd base
0-1: Ball
1-1: Foul Ball, location: 2F
1-2: Strikes out swinging
Bottom of the 3rd over - 3 run(s), 3 hit(s), 0 error(s), 1 left on base; Birmingham 0 - Richmond 5
TOP OF THE 4TH
Birmingham Barons batting - Pitching for Richmond Flairs : RHP Jack Walker
Batting: SHB Anastasio Ortíz 0-0: SINGLE (Groundball, 5S) (infield hit)
Batting: RHB Vicente Elías 0-0: Foul Ball, location: 2F
0-1: Ball
1-1: Ball
2-1: Foul Ball, location: 2F
2-2: Strikes out swinging
Batting: LHB Ashley Pickhills 0-0: Called Strike
0-1: Called Strike
Anastasio Ortíz is caught stealing 2nd base
0-2: Foul Ball, location: 2F
0-2: Ball
1-2: Ground out 1-3 (Groundball, 25)
Top of the 4th over - 0 run(s), 1 hit(s), 0 error(s), 0 left on base; Birmingham 0 - Richmond 5
BOTTOM OF THE 4TH
Richmond Flairs batting - Pitching for Birmingham Barons : RHP Jim Baker
Batting: RHB Ray Yates 0-0: Ground out 6-3 (Groundball, 6)
Batting: SHB Carlos Reyes 0-0: Ball
1-0: Ball
2-0: Called Strike
2-1: SINGLE (Line Drive, 4M)
Batting: RHB Jared Thompson 0-0: Foul Ball, location: 2F
0-1: Called Strike
Throwing error on steal attempt, E2
Carlos Reyes to third
0-2: DOUBLE (Flyball, 8LXD)
Carlos Reyes scores
Pinch Runner at 2nd Tom Carey:
Batting: RHB R.J. Crosby 0-0: Ball
1-0: Ball
2-0: Ball
3-0: Base on Balls
Batting: LHB Frank Geddes 0-0: SINGLE (Groundball, 34)
Tom Carey to third
R.J. Crosby to second
Runner from 3rd tries for Home, SAFE, no throw or cutoff
Pitching: LHP Paul Moore
Batting: RHB Elliott Johnston 0-0: Foul Ball, location: 2F
0-1: Foul Ball, location: 2F
0-2: Foul Ball, location: 2F
0-2: Ball
1-2: Ball
2-2: Ball
3-2: Foul Ball, location: 2F
3-2: Base on Balls
R.J. Crosby to third
Frank Geddes to second
Batting: LHB Sean Nicks 0-0: Ball
1-0: Foul Ball, location: 2F
1-1: Ball
2-1: Ball
3-1: Foul Ball, location: 2F
3-2: Base on Balls
R.J. Crosby scores
Frank Geddes to third
Elliott Johnston to second
Batting: RHB Alberto Hernández 0-0: Swinging Strike
0-1: Fly out, F8 (Flyball, 8RM)
Runner from 3rd tags up, SCORES, throw made
Batting: LHB Luis Villa 0-0: Called Strike
0-1: Foul Ball, location: 2F
0-2: Ball
1-2: Ground out 1-3 (Groundball, 13)
Bottom of the 4th over - 4 run(s), 3 hit(s), 1 error(s), 2 left on base; Birmingham 0 - Richmond 9
TOP OF THE 5TH
Birmingham Barons batting - Pitching for Richmond Flairs : RHP Jack Walker
Now at 2B: Tom Carey
Batting: RHB Juan Jiménez 0-0: Ball
1-0: Ball
2-0: Called Strike
2-1: Foul Ball, location: 2F
2-2: Ball
3-2: Strikes out swinging
Batting: RHB Manny Sánchez 0-0: Ball
1-0: Ball
2-0: Called Strike
2-1: SOLO HOME RUN (Flyball, 7D), Distance : 369 ft
Batting: SHB Andrew Curran 0-0: Foul Ball, location: 2F
0-1: Ball
1-1: Ball
2-1: Ball
3-1: Base on Balls
Batting: SHB Terry O'Farrell 0-0: Ball
1-0: Called Strike
1-1: Called Strike
1-2: Strikes out swinging
Batting: LHB Marc May 0-0: Ball
1-0: Ball
2-0: Ball
Andrew Curran steals 2nd base
3-0: Called Strike
3-1: 2-RUN HOME RUN (Flyball, 89XD), Distance : 398 ft
Batting: LHB Curt Causton 0-0: Called Strike
0-1: Fly out, F9 (Line Drive, 9M)
Top of the 5th over - 3 run(s), 2 hit(s), 0 error(s), 0 left on base; Birmingham 3 - Richmond 9
BOTTOM OF THE 5TH
Richmond Flairs batting - Pitching for Birmingham Barons : LHP Paul Moore
Batting: RHB Ray Yates 0-0: Ball
1-0: Called Strike
1-1: Foul Ball, location: 2F
1-2: Ball
2-2: SINGLE (Groundball, 13) (infield hit)
Batting: SHB Carlos Reyes 0-0: Called Strike
0-1: Ball
1-1: Ball
2-1: Foul Ball, location: 2F
2-2: 2-RUN HOME RUN (Flyball, 78XD), Distance : 390 ft
Batting: RHB Tom Carey 0-0: Swinging Strike
0-1: Foul Ball, location: 2F
0-2: SINGLE (Flyball, 9LS)
Batting: RHB R.J. Crosby 0-0: Grounds into double play, 6-4-3 (Groundball, 56)
Batting: LHB Frank Geddes 0-0: Hit by Pitch
Batting: RHB Elliott Johnston 0-0: Ball
1-0: Fielders Choice at 2nd, U6 (Groundball, 6M)
Bottom of the 5th over - 2 run(s), 3 hit(s), 0 error(s), 1 left on base; Birmingham 3 - Richmond 11
TOP OF THE 6TH
Birmingham Barons batting - Pitching for Richmond Flairs : RHP Jack Walker
Batting: SHB Anastasio Ortíz 0-0: Ground out 1-3 (Groundball, 13)
Batting: RHB Vicente Elías 0-0: Called Strike
0-1: Ground out 6-3 (Groundball, 6)
Batting: LHB Ashley Pickhills 0-0: Swinging Strike
0-1: Called Strike
0-2: Ball
1-2: Ball
2-2: Ground out 1-3 (Groundball, 13S)
Top of the 6th over - 0 run(s), 0 hit(s), 0 error(s), 0 left on base; Birmingham 3 - Richmond 11
BOTTOM OF THE 6TH
Richmond Flairs batting - Pitching for Birmingham Barons : LHP Paul Moore
Batting: LHB Sean Nicks 0-0: Ball
1-0: Called Strike
1-1: Called Strike
1-2: Strikes out swinging
Batting: RHB Alberto Hernández 0-0: Called Strike
0-1: Ball
1-1: Reached on error, E6 (Groundball, 6)
Batting: LHB Luis Villa 0-0: Ball
1-0: Foul Ball, location: 2F
1-1: Fly out, F6 (Line Drive, 6)
Batting: RHB Ray Yates 0-0: Foul Ball, location: 2F
0-1: Ball
1-1: Swinging Strike
1-2: Foul Ball, location: 2F
1-2: Ball
Alberto Hernández steals 2nd base
2-2: Foul Ball, location: 2F
2-2: Strikes out swinging
Bottom of the 6th over - 0 run(s), 0 hit(s), 1 error(s), 1 left on base; Birmingham 3 - Richmond 11
TOP OF THE 7TH
Birmingham Barons batting - Pitching for Richmond Flairs : RHP Jack Walker
Batting: RHB Juan Jiménez 0-0: Ball
1-0: Fly out, F4 (Popup, 34D)
Batting: RHB Manny Sánchez 0-0: Called Strike
0-1: Ball
1-1: Called Strike
1-2: Strikes out swinging
Batting: SHB Andrew Curran 0-0: Ball
1-0: Foul Ball, location: 2F
1-1: Ball
2-1: Called Strike
2-2: Ball
3-2: SINGLE (Groundball, 34D) (infield hit)
Batting: SHB Terry O'Farrell 0-0: Called Strike
0-1: Called Strike
0-2: Foul Ball, location: 2F
0-2: Fly out, F8 (Flyball, 8RM)
Top of the 7th over - 0 run(s), 1 hit(s), 0 error(s), 1 left on base; Birmingham 3 - Richmond 11
BOTTOM OF THE 7TH
Richmond Flairs batting - Pitching for Birmingham Barons : LHP Paul Moore
Pitching: LHP Manuel Soto
Batting: SHB Carlos Reyes 0-0: Ball
1-0: Called Strike
1-1: SOLO HOME RUN (Flyball, 7D), Distance : 355 ft
Batting: RHB Tom Carey 0-0: Ball
1-0: Ball
2-0: Called Strike
2-1: Ball
3-1: SINGLE (Groundball, 34)
Batting: RHB R.J. Crosby 0-0: Ball
1-0: Ground out 5-3 (Groundball, 56S)
Tom Carey to second
Batting: LHB Frank Geddes 0-0: Ball
1-0: Ball
2-0: Ball
3-0: Base on Balls
Batting: RHB Elliott Johnston 0-0: Foul Ball, location: 2F
0-1: Foul Ball, location: 2F
0-2: Ball
1-2: Fielders Choice at 3rd, U5 (Groundball, 5L)
Frank Geddes to second
Batting: LHB Sean Nicks 0-0: Called Strike
0-1: Ball
1-1: Foul Ball, location: 2F
1-2: Strikes out swinging
Bottom of the 7th over - 1 run(s), 2 hit(s), 0 error(s), 2 left on base; Birmingham 3 - Richmond 12
TOP OF THE 8TH
Birmingham Barons batting - Pitching for Richmond Flairs : RHP Jack Walker
Batting: LHB Marc May 0-0: Ground out 4-3 (Groundball, 4)
Batting: LHB Curt Causton 0-0: Fly out, F7 (Line Drive, 7S)
Batting: SHB Anastasio Ortíz 0-0: Ball
1-0: Ball
2-0: Ball
3-0: Called Strike
3-1: Base on Balls
Batting: RHB Vicente Elías 0-0: Called Strike
0-1: Foul Ball, location: 2F
0-2: Ball
1-2: Fly out, F9 (Flyball, 89M)
Top of the 8th over - 0 run(s), 0 hit(s), 0 error(s), 1 left on base; Birmingham 3 - Richmond 12
BOTTOM OF THE 8TH
Richmond Flairs batting - Pitching for Birmingham Barons : LHP Manuel Soto
Batting: RHB Alberto Hernández 0-0: SINGLE (Line Drive, 8LS)
Batting: LHB Luis Villa 0-0: Sac Bunt - play at first, batter OUT! U3
Alberto Hernández to second
Batting: RHB Ray Yates 0-0: Foul Ball, location: 2F
0-1: Ball
1-1: Swinging Strike
1-2: Strikes out swinging
Batting: SHB Carlos Reyes 0-0: Ball
1-0: Foul Ball, location: 2F
1-1: Ball
2-1: Foul Ball, location: 2F
2-2: Ball
3-2: Base on Balls
Batting: RHB Tom Carey 0-0: Ground out 5-3 (Groundball, 5S)
Bottom of the 8th over - 0 run(s), 1 hit(s), 0 error(s), 2 left on base; Birmingham 3 - Richmond 12
TOP OF THE 9TH
Birmingham Barons batting - Pitching for Richmond Flairs : RHP Jack Walker
Now at C: Armando González
Batting: LHB Ashley Pickhills 0-0: SINGLE (Line Drive, 8RS)
Batting: RHB Juan Jiménez 0-0: Called Strike
0-1: Swinging Strike
0-2: Foul Ball, location: 2F
0-2: Foul Ball, location: 2F
0-2: Ball
1-2: Ball
2-2: Strikes out swinging
Pitching: LHP Enrico Lozano
Batting: RHB Manny Sánchez 0-0: Ball
1-0: Ball
2-0: Called Strike
2-1: Foul Ball, location: 2F
2-2: Grounds into double play, 6-4-3 (Groundball, 6)
Top of the 9th over - 0 run(s), 1 hit(s), 0 error(s), 0 left on base; Birmingham 3 - Richmond 12
Monday, December 5th, 2016 - OOTP Baseball 17.12 Build 75